 Dungeon Crawl Stone Soup version 0.29-a0-887-gcbe080d7e0 (webtiles) character file.

Game seed: 1284102644969073658

4 Aurophilus the Caller (level 1, 0/10 HPs)
             Began as a Deep Elf Summoner on July 22, 2022.
             Slain by a jackal (2 damage)
             ... on level 1 of the Dungeon.
             The game lasted 00:00:48 (38 turns).

Aurophilus the Caller (Deep Elf Summoner)             Turns: 38, Time: 00:00:49

Health: 0/10       AC:  2    Str:  5    XL:     1   Next: 50%
Magic:  5/6        EV: 12    Int: 19    God:
Gold:   0          SH:  0    Dex: 15    Spells: 5/6 levels left

rFire   . . .      SeeInvis .   (no weapon)
rCold   . . .      Faith    .   (no shield)
rNeg    . . .      Spirit   .   a - +0 robe
rPois   .          Reflect  .   (no helmet)
rElec   .          Harm     .   (no cloak)
rCorr   .          Rampage  .   (no gloves)
Will    .....                   (no boots)
Stlth   ++........              (no amulet)
HPRegen 0.03/turn               (no ring)
MPRegen 0.10/turn               (no ring)

@: no status effects
A: no striking features
a: no special abilities


You were on level 1 of the Dungeon.
You visited 1 branch of the dungeon, and saw 1 of its levels.

Inventory:

Armour
 a - a +0 robe (worn)
Potions
 b - a potion of magic


   Skills:
 + Level 2.4 Dodging
 + Level 2.4 Stealth
 + Level 3.0 Spellcasting
 + Level 4.6 Summonings


You had 5 spell levels left.
You knew the following spells:

 Your Spells              Type           Power      Damage    Failure   Level
a - Summon Small Mammal   Summ           80%        N/A       2%          1

Your spell library contained the following spells:

 Spells                   Type           Power      Damage    Failure   Level
 Call Imp                 Summ           20%        N/A       3%          2
 Call Canine Familiar     Summ           20%        N/A       7%          3
 Summon Guardian Golem    Hex/Summ       11%        N/A       19%         3
 Summon Lightning Spire   Summ/Air       11%        N/A       52%         4


Dungeon Overview and Level Annotations

Branches:
Dungeon (1/15)

Altars:


Message History

The jackal completely misses your quokka.
Your quokka closely misses the jackal.
Your quokka bites the jackal.
The jackal misses your quokka. The jackal barely misses your quokka.
Your quokka barely misses the jackal.
Your quokka bites the jackal but does no damage.
The jackal closely misses your quokka. The jackal misses your quokka.
Something barely misses your quokka.
Your quokka misses the jackal. Something barely misses your quokka.
The jackal bites your quokka. The jackal misses your quokka.
Your quokka bites the jackal.
The jackal dies!
Your quokka barely misses the jackal.
Something misses your quokka. The jackal closely misses your quokka.
Something bites your quokka but does no damage.
The jackal barely misses your quokka.
Your quokka closely misses the jackal.
Your quokka misses the jackal. The jackal barely misses your quokka.
Your quokka bites the jackal but does no damage.
Your quokka closely misses the jackal.
The jackal bites your quokka but does no damage.
Your quokka barely misses the jackal.
Your quokka bites the jackal.
The jackal bites your quokka.
Your quokka barely misses the jackal.
Your quokka bites the jackal.
The jackal dies!
Something misses your quokka.
You start resting.
Your quokka closely misses the jackal.
A jackal is nearby!
Your quokka barely misses the jackal.
The jackal bites you but does no damage.
Your quokka misses the jackal. The jackal attacks as you move away!
The jackal barely misses you.
Found a scroll labelled JAMPO MOSISM.
Your quokka barely misses the jackal.
Your quokka closely misses the jackal.
The jackal barely misses you.
Your quokka bites the jackal.
The jackal barely misses you. The jackal attacks as you move away!
The jackal barely misses you. The jackal attacks as you move away!
The jackal bites you.
* * * LOW HITPOINT WARNING * * *
A giant cockroach comes into view.
The jackal bites you.
You die...

#...?.......
#.......... #.........
. #.#...... #.#
###....... ......###
......... #..>#...#.
........#####.........
.........rh@..........
....###r#####.........
.. #.r# #.......♣.
...#####.####.........
.........†.!.......P..
...........##...$B...P
.?.....<...#...§......
##.............§......
#..........#.........


You could see a jackal (ally target), a giant cockroach (wandering) and 2
friendly quokkas.

Vanquished Creatures (collateral kills)
  An endoplasm (D:1)
  2 jackals (D:1)
3 creatures vanquished.

Notes
Turn   | Place    | Note
-------+----------+-------------------------------------------
     0 | D:1      | Aurophilus the Deep Elf Summoner began the quest for the
                  | Orb.
     0 | D:1      | Reached XP level 1. HP: 10/10 MP: 6/6
    38 | D:1      | Slain by a jackal

Illustrated notes

Levels and vault maps discovered:
D:1:      wander_arrival_lonely_grave, layout_rooms, serial_bayou_pond_a,
          chequers_hall_statues_y, minmay_pentomino_p2

Action                   || total
-------------------------++-------
 Cast: Summon Small Mamm ||     4
Armor: Robe              ||     1
Dodge: Dodged            ||     8

Table legend: (Time is in decaauts)
 A = Elapsed time spent in this place.
 B = Non-inter-level travel time spent in this place.
 C = Inter-level travel time spent in this place.
 D = Time resting spent in this place.
 E = Time spent auto-exploring this place.
 F = Levels seen in this place.
 G = Mean time per level.
                   A        B        C        D        E       F      G
               +--------+--------+--------+--------+--------+-----+--------+
         Total |     38 |     38 |      0 |      0 |      3 |   1 |   38.0 |
       Dungeon |     38 |     38 |      0 |      0 |      3 |   1 |   38.0 |
               +--------+--------+--------+--------+--------+-----+--------+

Top non-repeatable levels by time:
     D:1: 38 daAuts
